 Dungeon Crawl Stone Soup version 0.29.0-4-gdea44cf6ec (webtiles) character file.

Game seed: 7588758872818351956

103 qw the Chopper (level 4, -3/26 HPs)
             Began as a Tengu Warper on Aug 28, 2022.
             Slain by a goblin
             ... wielding a +0 club
             ... led by Robin
              (6 damage)
             ... on level 2 of the Dungeon.
             The game lasted 00:00:11 (1862 turns).

qw the Chopper (Tengu Warper)                       Turns: 1862, Time: 00:00:12

Health: -3/26      AC:  3    Str: 14    XL:     4   Next: 79%
Magic:  8/8        EV: 12    Int: 13    God:
Gold:   65         SH:  0    Dex: 13    Spells: 7/7 levels left

rFire   . . .      SeeInvis .   Y - +0 hand axe
rCold   . . .      Faith    .   (no shield)
rNeg    . . .      Spirit   .   b - +0 leather armour
rPois   .          Reflect  .   (helmet restricted)
rElec   .          Harm     .   (no cloak)
rCorr   .          Rampage  .   (no gloves)
Will    .....                   (boots unavailable)
Stlth   +.........              (no amulet)
HPRegen 0.08/turn               (no ring)
MPRegen 0.11/turn               (no ring)

@: no status effects
A: beak, talons 3
a: no special abilities


You were on level 2 of the Dungeon.
You visited 1 branch of the dungeon, and saw 2 of its levels.

You collected 65 gold pieces.


Innate Abilities, Weirdness & Mutations

You have a beak for a mouth.
You have claws for feet.


   Skills:
 - Level 2.0 Fighting
 + Level 5.3 Axes
 - Level 1.0 Throwing
 - Level 1.1 Armour
 - Level 2.1 Dodging
 - Level 2.0 Spellcasting
 - Level 2.4 Translocations


You had 7 spell levels left.
You didn't know any spells.
Your spell library contained the following spells:

 Spells                   Type           Power      Damage    Failure   Level
 Blink                    Tloc           14%        N/A       19%         2
 Gell's Gravitas          Tloc           7%         N/A       34%         3
 Lesser Beckoning         Tloc           7%         N/A       34%         3
 Teleport Other           Tloc           7%         N/A       34%         3
 Manifold Assault         Tloc           7%         N/A       97%         5

Inventory:

Hand Weapons
 f - a +0 mace
 Y - a +0 hand axe (weapon)
Armour
 b - a +0 leather armour (worn)
Jewellery
 a - a +4 ring of slaying {mikee}
 d - a ring of protection from fire
Scrolls
 c - 2 scrolls of identify
Potions
 e - a potion of lignification {unknown}
 g - a potion of cancellation
 j - a potion of magic {unknown}

Dungeon Overview and Level Annotations

Branches:
Dungeon (2/15)

Altars:

Annotations:
D:2 Robin


Message History

You hit the goblin. The goblin hits you with a +0 club.
Robin roars a battlecry!
The goblin goes into a battle-frenzy!
You hit the goblin but do no damage. Your kick misses the goblin.
You peck the goblin, but do no damage.
The goblin is moderately wounded.
You hit Robin but do no damage. The goblin hits you with a +0 club.
Robin throws the goblin at you!
You hit Robin but do no damage. You claw Robin.
Robin is moderately wounded.
You hit the goblin but do no damage. Robin hits you but does no damage.
The goblin unwields a +0 club.
The goblin wields a +0 sling.
The goblin shoots a sling bullet.
The sling bullet barely misses you. The goblin misses you.
You hit Robin but do no damage.
Robin is moderately wounded.
You hit the goblin.
You kill the goblin!
Robin hits you with a +0 dagger of protection.
The goblin shoots a sling bullet.
The sling bullet hits you but does no damage.
You hit Robin but do no damage.
Robin is moderately wounded.
Robin hits you with a +0 dagger of protection.
The goblin shoots a sling bullet.
The sling bullet closely misses you.
You hit Robin but do no damage. Your kick misses Robin.
Robin is moderately wounded.
Robin hits you but does no damage.
The goblin shoots a sling bullet.
The sling bullet hits you.
You hit Robin. You claw Robin, but do no damage.
Robin is moderately wounded.
Robin hits you with a +0 dagger of protection.
You barely miss Robin. You claw Robin, but do no damage.
You peck Robin, but do no damage.
Robin is moderately wounded.
You barely miss the goblin. Robin throws the goblin at you!
The goblin unwields a +0 sling.
The goblin wields a +0 club.
The goblin hits you with a +0 club.
You die...

#.....##### #.....#
#.....# . #.....# #.
#.....########
##.######.............
.......#..............
#....#..............
#(...g@g............
###.###)#.#...........
#.....#g#.......######
#......g#######+#
...............
.......#.......
....!.. .......
....... ...g...
#...(.# #....gg


You could see Robin and 3 goblins.

Vanquished Creatures
  Jessica (D:2)
  Natasha (D:2)
  A worm (D:2)
  2 ball pythons (D:1)
  8 endoplasms
  2 giant cockroaches (D:1)
  11 goblins
  6 hobgoblins
  2 quokkas (D:1)
  A bat (D:1)
  3 frilled lizards (D:1)
  3 kobolds
  A rat (D:1)
42 creatures vanquished.

Notes
Turn   | Place    | Note
-------+----------+-------------------------------------------
     0 | D:1      | qw the Tengu Warper began the quest for the Orb.
     0 | D:1      | Reached XP level 1. HP: 12/12 MP: 4/4
     0 | D:1      | 0 ||| qw: Version: 0.1-a-89-g26bdef1
     0 | D:1      | 0 ||| qw: Game counter: 2071
     0 | D:1      | 0 ||| qw: Always use a shield: true
     0 | D:1      | 0 ||| qw: God list: Okawaru
     0 | D:1      | 0 ||| qw: Allow faded altars: false
     0 | D:1      | 0 ||| qw: Do Orc after D:15 true
     0 | D:1      | 0 ||| qw: Do second Lair branch before Depths: true
     0 | D:1      | 0 ||| qw: Lair rune preference: random
     0 | D:1      | 0 ||| qw: Plans: Normal
     0 | D:1      | 0 ||| PLANNING D:1-11
   137 | D:1      | Reached XP level 2. HP: 15/17 MP: 6/6
   188 | D:1      | Reached skill level 3 in Axes
   590 | D:1      | 590 ||| Stepping ~*~*~tactically~*~*~ (stealth).
   637 | D:1      | 637 ||| Stepping ~*~*~tactically~*~*~ (stealth).
   638 | D:1      | 638 ||| Stepping ~*~*~tactically~*~*~ (stealth).
   663 | D:1      | 663 ||| Stepping ~*~*~tactically~*~*~ (stealth).
   667 | D:1      | 667 ||| Stepping ~*~*~tactically~*~*~ (stealth).
   746 | D:1      | 746 ||| Stepping ~*~*~tactically~*~*~ (stealth).
   749 | D:1      | 749 ||| Stepping ~*~*~tactically~*~*~ (stealth).
   751 | D:1      | 751 ||| Stepping ~*~*~tactically~*~*~ (stealth).
   979 | D:1      | Reached XP level 3. HP: 21/21 MP: 7/7
  1045 | D:1      | 1045 ||| Stepping ~*~*~tactically~*~*~ (stealth).
  1091 | D:1      | 1091 ||| DROPPING amulet of faith.
  1092 | D:1      | 1092 ||| READING scroll labelled FOIXESI POBRO.
  1097 | D:1      | 1097 ||| READING scroll labelled IQAHEI OTHONNO.
  1198 | D:1      | 1198 ||| READING scroll labelled ICVUICH BUKHLIGH.
  1199 | D:1      | 1199 ||| DRINKING 2 amethyst potions.
  1200 | D:1      | 1200 ||| DROPPING scroll of blinking.
  1257 | D:2      | 1257 ||| Stepping ~*~*~tactically~*~*~ (stealth).
  1264 | D:2      | 1264 ||| Stepping ~*~*~tactically~*~*~ (stealth).
  1271 | D:2      | Reached skill level 4 in Axes
  1348 | D:2      | Noticed Jessica
  1356 | D:2      | Killed Jessica
  1357 | D:2      | Reached XP level 4. HP: 10/26 MP: 8/8
  1571 | D:2      | Noticed Natasha
  1578 | D:2      | Killed Natasha
  1579 | D:2      | Reached skill level 5 in Axes
  1648 | D:2      | 1648 ||| Stepping ~*~*~tactically~*~*~ (stealth).
  1649 | D:2      | 1649 ||| Stepping ~*~*~tactically~*~*~ (stealth).
  1737 | D:2      | 1737 ||| Stepping ~*~*~tactically~*~*~ (stealth).
  1739 | D:2      | 1739 ||| Stepping ~*~*~tactically~*~*~ (stealth).
  1803 | D:2      | 1803 ||| Stepping ~*~*~tactically~*~*~ (stealth).
  1804 | D:2      | 1804 ||| Stepping ~*~*~tactically~*~*~ (stealth).
  1807 | D:2      | 1807 ||| Stepping ~*~*~tactically~*~*~ (hiding).
  1810 | D:2      | 1810 ||| Stepping ~*~*~tactically~*~*~ (hiding).
  1823 | D:2      | 1823 ||| Stepping ~*~*~tactically~*~*~ (stealth).
  1830 | D:2      | Noticed Robin
  1831 | D:2      | 1831 ||| Stepping ~*~*~tactically~*~*~ (hiding).
  1835 | D:2      | 1835 ||| Stepping ~*~*~tactically~*~*~ (stealth).
  1836 | D:2      | 1836 ||| Stepping ~*~*~tactically~*~*~ (hiding).
  1837 | D:2      | 1837 ||| Stepping ~*~*~tactically~*~*~ (hiding).
  1860 | D:2      | HP: 5/26 [goblin/sling bullet[Robin] (3)]
  1862 | D:2      | Slain by a goblin

Levels and vault maps discovered:
D:1:      lightli_arrival_farm, layout_basic, hangedman_decor_opposing,
          nicolae_figureground_pulse
D:2:      minmay_diamond_boxcup, layout_basic,
          hellmonk_ecumenical_altar_blasted, feat_on_display, uniq_jessica,
          uniq_natasha, uniq_robin

Skill      XL: |  1  2  3  4 |
---------------+-------------+-----
Axes           | 3 4 5 |  5.3
Fighting       | |  2.0
Throwing       | |  1.0
Armour         | |  1.1
Dodging        | |  2.1
Spellcasting   | |  2.0
Translocations | |  2.4

Action                   |  1- 3 |  4- 6 || total
-------------------------+-------+-------++-------
Melee: Hand axe          |    59 |    36 ||    95
       Peck              |    12 |    10 ||    22
       Kick              |    11 |     8 ||    19
Throw: Boomerang         |     7 |       ||     7
  Use: Scroll            |     3 |       ||     3
       Potion            |     1 |       ||     1
Armor: Leather armour    |     9 |     8 ||    17
Dodge: Dodged            |    32 |    12 ||    44

Table legend:
 A = Non-vault XP
 B = Vault XP
 C = Vault XP percentage of total XP
 D = Non-vault monster count
 E = Vault monster count
 F = Vault count percentage of total count
                 A         B        C        D         E       F
            +---------+---------+-------+---------+---------+-------
      Total |      58 |      90 |  60.8 |      31 |      11 |  26.2
            +---------+---------+-------+---------+---------+-------
        D:1 |      37 |       0 |   0.0 |      22 |       0 |   0.0
        D:2 |      21 |      90 |  81.1 |       9 |      11 |  55.0
            +---------+---------+-------+---------+---------+-------
